Get step-by-step instructions on how to execute this build order below. Start the game timer, and the build order will tick by so you can play in parallel with StarCraft on a second screen or mobile device.

Game Time

  0:00

Last Step

  N/A

Next Step

Upcoming Step



Don't want to look back and forth between 2 screens? Try out our Overwolf App, the Spawning Tool Build Advisor to get an in-game overlay with this build!

Complete Build Order

  12  0:00  SCV  
  13  0:12  SCV  
  14  0:17  Supply Depot  
  14  0:24  SCV  
  15  0:39  SCV  
  15  0:40  Barracks  
  16  0:51  SCV  
  17  1:03  SCV  
  18  1:14  Command Center  
  18  1:18  SCV  
  19  1:27  Marine  
  19  1:31  Orbital Command  
  20  1:42  Supply Depot  
  20  1:45  Marine  
  21  1:56  SCV  
  22  2:03  Marine  
  23  2:09  SCV  
  23  2:14  Command Center  
  24  2:21  Marine, SCV  
  25  2:28  Orbital Command  
  25  2:33  SCV  
  26  2:39  Marine  
  27  2:45  SCV  
  27  2:47  Barracks  
  28  2:54  Barracks  
  28  2:55  SCV  
  28  2:57  SCV  
  28  2:58  Marine  
  31  3:07  SCV  
  31  3:09  SCV  
  31  3:12  Refinery  
  33  3:17  Marine  
  33  3:19  SCV  
  35  3:21  SCV  
  35  3:23  Engineering Bay  
  36  3:30  Orbital Command  
  36  3:31  SCV  
  36  3:33  SCV  
  38  3:35  Marine  
  38  3:37  Refinery  
  38  3:38  Marine  
  38  3:41  Marine  
  40  3:43  SCV  
  40  3:45  Orbital Command  
  42  3:50  Missile Turret  
  42  3:52  SCV  
  42  3:53  Marine  
  44  3:57  Barracks Tech Lab  
  44  3:59  Marine  
  44  4:00  SCV  
  45  4:04  SCV  
  46  4:11  SCV, Marine  
  46  4:12  SCV  
  46  4:15  Missile Turret  
  46  4:16  Stimpack, Marine  
  50  4:19  SCV  
  50  4:20  Refinery  
  50  4:23  SCV, Supply Depot  
  51  4:24  SCV  
  51  4:29  Missile Turret  
  51  4:31  Barracks Reactor, SCV  
  52  4:36  Marine, SCV x2  
  52  4:37  Barracks Tech Lab  
  55  4:42  Supply Depot  
  55  4:43  SCV  
  56  4:48  SCV x2  
  56  4:50  Terran Infantry Weapons Level 1  
  58  4:55  Marauder, SCV  
  58  4:57  Supply Depot  
  58  4:59  Marauder  
  63  5:00  SCV x2  
  63  5:06  Supply Depot  
  65  5:07  SCV  
  65  5:08  Marine x2  
  65  5:09  Combat Shield  
  65  5:12  SCV  
  65  5:13  SCV  
  69  5:16  Refinery  
  69  5:17  Supply Depot  
  69  5:19  SCV, Marauder  
  72  5:22  Marauder  
  72  5:24  SCV  
  72  5:25  SCV  
  72  5:27  Marine x2  
  72  5:28  Supply Depot  
  78  5:31  SCV  
  79  5:36  SCV  
  79  5:37  Factory, SCV  
  79  5:40  Marauder  
  79  5:41  Barracks  
  79  5:42  Barracks  
  83  5:43  SCV  
  83  5:49  SCV x2, Supply Depot  
  86  5:51  Marauder, Marine x2  
  89  5:57  SCV  
  89  6:01  SCV  
  89  6:02  Marauder  
  89  6:03  Supply Depot  
  93  6:04  SCV  
  93  6:11  SCV, Marine x2  
  96  6:13  Marauder  
  96  6:14  SCV  
  96  6:17  SCV  
  101  6:19  Concussive Shells  
  101  6:20  Starport  
  101  6:21  Factory Reactor  
  101  6:28  SCV, Marauder  
  101  6:30  Barracks Reactor, Barracks Tech Lab, SCV  
  104  6:33  SCV  
  104  6:34  Marine x2  
  107  6:41  SCV, Marauder  
  107  6:42  SCV  
  107  6:45  SCV  
  107  6:47  Command Center, Supply Depot  
  112  6:49  Terran Infantry Armor Level 1, Marauder  
  112  6:50  Marauder  
  113  6:56  Marine x2  
  113  6:59  Refinery  
  113  7:00  Supply Depot, Refinery  
  114  7:02  Marauder, Supply Depot  
  114  7:06  Factory Reactor  
  115  7:11  Marauder, Marine x2  
  115  7:12  Medivac x2, Marauder  
  115  7:15  Marine x2  
  127  7:24  Marauder  
  127  7:28  SCV x3  
  127  7:29  Marine x2  
  134  7:32  Marine  
  134  7:33  Engineering Bay  
  134  7:34  Ghost Academy  
  134  7:36  Marine  
  134  7:37  Marauder, Marine  
  138  7:40  Supply Depot, SCV  
  138  7:42  Medivac x2  
  138  7:44  SCV  
  143  7:45  Marine  
  143  7:48  Marine x2  
  143  7:50  Marauder  
  147  7:54  Marine x2  
  149  7:59  Marauder, SCV  
  149  8:00  Supply Depot  
  149  8:02  Missile Turret, SCV x2  
  149  8:03  Marauder  
  154  8:06  Marine  
  154  8:12  Marauder  
  157  8:13  Marine  
  157  8:14  Medivac x2, Marine  
  157  8:19  SCV x2  
  165  8:20  Marauder  
  165  8:22  Widow Mine  
  165  8:24  Ghost  
  171  8:33  Ghost  
  171  8:34  Marine x4  
  173  8:37  SCV x2  
  173  8:38  Orbital Command, SCV  
  180  8:49  Viking x2  
  180  8:55  Barracks  
  184  8:58  Barracks  
  184  9:00  Barracks  
  184  9:01  Armory  
  184  9:02  Marauder x2, Engineering Bay  
  188  9:06  Marine  
  179  9:10  Ghost, Marine, Widow Mine  
  179  9:11  Marine x2  
  179  9:13  Supply Depot  
  178  9:22  Viking x2, Sensor Tower  
  182  9:29  Supply Depot  
  184  9:31  Widow Mine  
  184  9:34  Ghost x2  
  184  9:35  Marine x3  
  191  9:42  Missile Turret x2  
  191  9:45  Missile Turret  
  191  9:52  Viking x2  
  195  9:56  Ghost, Widow Mine  
  195  9:57  Barracks Tech Lab x2  
  198  10:01  Terran Infantry Weapons Level 2  
  198  10:07  Refinery  
  198  10:08  Refinery  
  198  10:09  Marauder, Starport  
  200  10:15  Terran Infantry Armor Level 2  
  200  10:24  Marauder x2  
  200  10:27  Command Center  
  175  10:30  Ghost  
  175  10:34  Medivac  
  169  10:38  Ghost, Marine x4  
  175  10:45  Ghost  
  175  10:46  Missile Turret  
  175  10:47  Marine x3  
  180  10:52  Ghost  
  182  10:57  Missile Turret  
  182  10:58  Medivac  
  182  10:59  Missile Turret  
  182  11:01  Viking  
  182  11:03  Marine x2  
  182  11:04  Marine  
  187  11:16  Viking  
  187  11:17  Command Center x2  
  189  11:19  Marauder  
  189  11:21  Marauder  
  189  11:22  Marauder  
  189  11:24  Missile Turret  
  193  11:26  Marauder  
  193  11:28  Viking  
  197  11:35  Marauder  
  197  11:38  Viking  
  198  11:41  Marauder  
  198  11:42  Marauder  
  198  11:43  Marine x2, Marauder  
  200  12:01  Marauder x2  
  199  12:02  Marauder  
  180  12:09  Marauder x2  
  180  12:14  Marine  
  171  12:16  Widow Mine  
  171  12:22  Marauder x2, Marine x5  
  167  12:23  Liberator x2  
  167  12:24  Liberator, Marauder  
  167  12:28  Terran Ship Weapons Level 1, Fusion Core  
  167  12:29  Terran Infantry Weapons Level 3  
  176  12:31  Marauder x2  
  176  12:32  Marine  
  179  12:38  Widow Mine  
  179  12:40  Marine x5  
  179  12:43  Marine  
  179  12:44  Marauder  
  189  12:45  Marauder  
  189  12:49  Planetary Fortress  
  189  12:50  Marine  
  192  12:51  Ghost x2  
  192  12:52  Terran Infantry Armor Level 3  
  192  12:58  Marine x2  
  198  13:02  Marauder  
  198  13:04  Orbital Command  
  200  13:09  Missile Turret  
  200  13:18  Hi-Sec Auto Tracking  
  200  13:19  Advanced Ballistics  
  200  13:23  Command Center  
  200  13:32  Starport Reactor  
  200  13:39  Marine  
  188  13:51  Marauder  
  188  13:53  Marauder x2  
  188  13:55  Marauder  
  182  13:58  Widow Mine, Marine x2  
  182  13:59  Marauder  
  182  14:02  Liberator x2  
  181  14:07  SCV x2  
  189  14:12  Medivac x2  
  191  14:20  Widow Mine  
  186  14:31  Caduceus Reactor  
  186  14:32  Marauder  
  186  14:36  Marauder x2, Marine  
  181  14:41  Widow Mine  
  181  14:42  Liberator, Marine x2  
  181  14:43  Marauder  
  181  14:45  Liberator x2, Marauder  
  147  14:54  Marauder  
  147  14:59  Medivac  
  151  15:00  Ghost x2  
  151  15:01  Marine x4  
  151  15:03  Widow Mine  
  151  15:04  Marine x3  
  164  15:07  Planetary Fortress  
  164  15:10  Missile Turret  
  164  15:17  Command Center, Marauder x2  
  164  15:18  Command Center  
  164  15:19  Marine x4  
  172  15:23  Marauder  
  172  15:24  Widow Mine  
  172  15:25  Medivac  
  178  15:28  Ghost  
  178  15:29  Sensor Tower, Missile Turret  
  178  15:31  Terran Ship Weapons Level 2  
  178  15:35  Missile Turret  
  189  15:36  Viking  
  189  15:37  Viking x2  
  189  15:40  Marauder x3, Marine x4  
  196  15:44  Marauder  
  196  15:45  Widow Mine  
  196  15:46  Sensor Tower  
  197  15:51  Marine x2  
  196  15:57  Marine  
  196  15:58  Marauder, Marine  
  200  16:18  Neosteel Armor  
  191  16:37  Liberator, Marauder x5  
  191  16:53  Marine x6  
  191  16:54  Liberator x3, Widow Mine  
  164  16:58  Marauder x5  
  149  17:11  Marine x3  
  149  17:12  Orbital Command x2  
  149  17:14  Barracks  
  149  17:15  Widow Mine  
  154  17:16  Refinery  
  154  17:17  Refinery, Starport x2  
  154  17:18  Barracks  
  154  17:20  Marauder x3  
  156  17:23  Marine x2  
  156  17:24  Ghost x2  
  156  17:27  Liberator  
  165  17:37  Liberator x2, Widow Mine  
  167  17:38  Liberator  
  167  17:40  Ghost  
  167  17:42  Command Center  
  174  17:47  Ghost x2  
  174  17:48  Marine x4  
  174  17:49  Marine x2  
  184  17:55  Starport Tech Lab x2  
  182  18:06  Marauder  
  184  18:14  Ghost x2  
  184  18:15  Barracks Tech Lab  
  184  18:16  Ghost, Liberator x3, Barracks Tech Lab  
  197  18:26  Liberator x2  
  195  18:45  Liberator, Marauder x2, Marine x2  
  200  19:15  Marauder, Marine x10  
  200  19:16  Liberator, Marauder x2  
  200  19:17  Widow Mine  
  190  19:27  Liberator x2  
  190  19:30  SCV x2  
  190  19:33  Marine x6  
  190  19:34  Marauder x2  
  198  19:44  Liberator  
  196  19:55  Marauder x2  
  195  20:30  Liberator  
  195  20:33  Command Center  
  186  20:44  Marine, Marauder x2  
  186  20:45  Marauder x2, Marine x5  
  197  21:02  Marine x2  
  197  21:03  Widow Mine